 Dungeon Crawl Stone Soup version 0.21-a0-498-g1b60429 (webtiles) character file.

35 yogmoth the Ducker (level 3, -6/28 (30) HPs)
             Began as a Ghoul Gladiator on Nov 25, 2017.
             Was an Initiate of Nemelex Xobeh.
             Killed from afar by Natasha (8 damage)
             ... with a magic dart
             ... on level 3 of the Dungeon.
             The game lasted 00:09:44 (2261 turns).

yogmoth the Ducker (Ghoul Gladiator)                Turns: 2261, Time: 00:09:44

HP:   -6/28 (30)    AC:  4    Str: 18    XL:     3   Next: 35%
MP:   2/2           EV: 12    Int:  3    God:    Nemelex Xobeh [......]
Gold: 126           SH:  0    Dex: 10    Spells: 2/2 levels left

rFire    + . .     SeeInvis .   D - +1 flail
rCold    + . .     Gourm    .   (no shield)
rNeg     + + +     Faith    .   b - +0 leather armour
rPois    ∞         Spirit   .   c - +0 helmet
rElec    .         Reflect  .   (no cloak)
rCorr    .         Harm     .   (no gloves)
MR       +....                  (no boots)
Stlth    +.........             (no amulet)
HPRegen  0.00/turn              j - ring of protection from magic
MPRegen  0.08/turn              x - ring of protection from fire

@: rotting, slowed, very slow
A: rotting body, claws 1, carnivore 3, cold resistance 1, negative energy
resistance 3, inhibited regeneration, torment resistance, unbreathing
a: Renounce Religion


You were on level 3 of the Dungeon.
You worshipped Nemelex Xobeh.
Nemelex Xobeh was noncommittal.
You were not hungry.

You visited 1 branch of the dungeon, and saw 3 of its levels.

You collected 126 gold pieces.

Inventory:

Hand Weapons
 a - a +0 trident
 k - a +0 short sword
 o - a +0 whip
 t - a +0 dagger of draining
 v - a +0 hand axe
 w - a +0 dagger
 y - a cursed -2 dagger
 A - a +0 short sword
 B - a +0 short sword
 D - a +1 flail (weapon)
 G - a +0 dagger
 H - a +0 mace
 J - a +0 club
 M - a +0 club
 P - a +0 whip
Missiles
 d - 2 throwing nets (quivered)
 p - 69 stones
 q - 20 sling bullets
Armour
 b - a +0 leather armour (worn)
 c - a +0 helmet (worn)
 O - a +0 ring mail
Jewellery
 j - a ring of protection from magic (left claw)
 x - a ring of protection from fire (right claw)
 F - an uncursed amulet of faith {unknown}
 L - an uncursed ring of protection from magic
Scrolls
 e - a scroll of enchant weapon
 g - a scroll of remove curse
 l - 2 scrolls of teleportation {unknown}
 r - a scroll of immolation {unknown}
 s - 2 scrolls of enchant armour {unknown}
 z - a scroll of fear {unknown}
Potions
 h - a potion of berserk rage {unknown}
 i - a potion of heal wounds {unknown}
 n - 2 potions of curing {unknown}
 E - a potion of lignification {unknown}
 I - a potion of haste {unknown}
 N - a potion of flight {unknown}
Miscellaneous
 u - a plain deck of destruction
 K - a plain deck of destruction
Comestibles
 f - 2 meat rations
 m - 3 royal jellies
 C - 4 chunks of flesh


   Skills:
 + Level 2.3 Fighting
 + Level 3.2 Polearms
 + Level 1.8 Throwing
 + Level 0.4 Armour
 + Level 3.2 Dodging


You had 2 spell levels left.
You didn't know any spells.

Dungeon Overview and Level Annotations

Branches:
Dungeon (3/15)

Altars:
Nemelex Xobeh

Annotations:
D:3 Natasha


Innate Abilities, Weirdness & Mutations

Your body is rotting away.
You thrive on raw meat.
You are immune to poison.
You have sharp fingernails.
You are carnivorous and can eat meat at any time.
Your flesh is cold resistant. (rC+)
You are immune to negative energy. (rN+++)
You do not regenerate when monsters are visible.
You are immune to unholy pain and torment.
You can survive without breathing.


Message History

The crimson imp closely misses you.
You barely miss the crimson imp. The crimson imp barely misses you.
The crimson imp blinks!
The white imp shouts, "Scamper away, thou infectious dismal-dreaming rubbish heap!"
You barely miss Natasha.
Natasha casts a spell.
Natasha misses you.
You hit the iron imp but do no damage. Natasha casts a spell at you.
The magic dart hits you! The iron imp closely misses you.
Natasha howls an incantation.
You feel disoriented. Natasha casts a spell at you. The magic dart hits you!
* * * LOW HITPOINT WARNING * * *
The iron imp closely misses you. Natasha casts a spell at you.
The magic dart hits you!
You die...
Your body disappears without a glow.

.## ... ..# #.#
.. #.##.# #.##.#
#..####5##.#
#.....@h.#.#
#.######5#.#
#.....r#.#
#.####g..# #...#
# #...# .#
#...##.####
#.#........
.####.#..#.#5.#.


You could see an iron imp, Natasha and a crimson imp.

Vanquished Creatures
  An adder (D:2)
  A worm (D:2)
  2 dart slugs (D:1)
  A leopard gecko (D:1)
  3 bats
  A giant cockroach (D:2)
  A goblin (D:2)
  A hobgoblin (D:2)
  4 kobolds
  A quokka (D:2)
  A ball python (D:1)
  2 rats
19 creatures vanquished.

Notes
Turn   | Place    | Note
-------+----------+-------------------------------------------
     0 | D:1      | yogmoth the Ghoul Gladiator began the quest for the Orb.
     0 | D:1      | Reached XP level 1. HP: 17/17 MP: 0/0
   539 | D:1      | Reached XP level 2. HP: 19/23 MP: 1/1
   661 | D:1      | Found a sparkling altar of Nemelex Xobeh.
   669 | D:1      | Became a worshipper of Nemelex Xobeh the Trickster
   738 | D:1      | Received a gift from Nemelex Xobeh
  1396 | D:2      | Reached XP level 3. HP: 6/28 MP: 2/2
  1873 | D:2      | Received a gift from Nemelex Xobeh
  2238 | D:3      | Noticed Natasha
  2261 | D:3      | Killed from afar by Natasha

Vault maps used:
D:1:      dpeg_arrival_court, nemelex_xobeh_ov_fountains_minmay
D:3:      uniq_jessica, uniq_natasha

Skill      XL: |  1  2 |
---------------+-------+-----
Dodging        | 3 |  3.2
Polearms       | 3 |  3.2
Fighting       | |  2.3
Throwing       | |  1.8
Armour         | |  0.4

Action                   || total
-------------------------++-------
Melee: Trident           ||    60
       Flail             ||    15
Throw: Throwing net      ||     1
  Use: Scroll            ||     2
  Eat: Chunk             ||     4
Armor: Leather armour    ||    21
Dodge: Dodged            ||    60

Table legend:
 A = Spawn XP
 B = Non-spawn XP
 C = Spawn XP percentage of total XP
 D = Spawn monster count
 E = Non-spawn monster count
 F = Spawn count percentage of total count
 G = Total turns spent on level
                    A         B        C        D         E        F      G
               +---------+---------+-------+---------+---------+-------+---------
         Total |       0 |      51 |   0.0 |       0 |      19 |   0.0 |  2261
               +---------+---------+-------+---------+---------+-------+---------
           D:1 |       0 |      16 |   0.0 |       0 |       7 |   0.0 |  1014
           D:2 |       0 |      33 |   0.0 |       0 |      11 |   0.0 |  1224
           D:3 |       0 |       2 |   0.0 |       0 |       1 |   0.0 |    23
               +---------+---------+-------+---------+---------+-------+---------
